 Dungeon Crawl Stone Soup version 0.31-a0-691-g409c26aa35 (webtiles) character file.

Game seed: 5417115447770529438

30 qw the Shooter (level 3, -3/21 HPs)
             Began as a Gargoyle Hunter on Sept 6, 2023.
             Killed from afar by an orc wizard (7 damage)
             ... with a magic dart
             ... on level 2 of the Dungeon.
             The game lasted 00:00:18 (537 turns).

qw the Shooter (Gargoyle Hunter)                     Turns: 537, Time: 00:00:18

Health: -3/21      AC:  8    Str: 13 (14) XL:     3   Next: 20%
Magic:  3/3        EV: 10    Int:  7 (9)  God:
Gold:   87         SH:  0    Dex: 12 (15) Spells: 2/2 levels left

rFire   . . .        Y - +0 shortbow (freeze)
rCold   . . .        (shield currently unavailable)
rNeg    + . .        e - +0 ring mail
rPois   inf          (no helmet)
rElec   +            (no cloak)
rCorr   .            (no gloves)
SInv    .            (no boots)
Will    .....        (no amulet)
Stlth   +            (no ring)
HPRegen 0.23/turn    (no ring)
MPRegen 0.08/turn

%: no passive effects
@: about to teleport
A: sickness immunity, AC +3, negative energy resistance 1, electricity
resistance, torment resistance 1, petrification resistance
a: no special abilities


You were on level 2 of the Dungeon.
You visited 1 branch of the dungeon, and saw 2 of its levels.

You collected 87 gold pieces.


Innate Abilities, Weirdness & Mutations

You are immune to sickness and miasma.
Your stone body is resilient. (AC +3)
You are immune to poison.
You resist negative energy. (rN+)
You are resistant to electric shocks. (rElec)
You are resistant to unholy torment.
You are immune to petrification.


   Skills:
 - Level 2.1 Fighting
 - Level 5.0 Ranged Weapons
 + Level 0.4 Armour
 - Level 1.5 Dodging
 - Level 1.1 Stealth


You had 2 spell levels left.
You didn't know any spells.
Your spell library was empty.

Inventory:

Hand Weapons
 Y - a +0 shortbow of freezing (weapon)
Armour
 e - a +0 ring mail (worn)
Scrolls
 a - a scroll of enchant armour
 b - a scroll of immolation {unknown}
Potions
 d - a potion of lignification {unknown}
 f - a potion of curing {unknown}
 i - a potion of might {unknown}

Dungeon Overview and Level Annotations

Branches:
Dungeon (2/15)

Altars:


Message History

You see here a hobgoblin corpse.
A frilled lizard comes into view.
The frilled lizard hisses angrily.
You shoot an arrow. The arrow misses the frilled lizard.
You shoot an arrow. The arrow hits the frilled lizard.
The frilled lizard seems to slow down.
The arrow freezes the frilled lizard.
You kill the frilled lizard!
Found an escape hatch in the floor.
You see here a frilled lizard corpse.
An orc priest and an orc come into view.
The orc priest shouts!
The orc shouts!
You shoot an arrow. The arrow closely misses the orc.
You hear a shout!
An orc comes into view. It is wielding a +0 whip.
An orc comes into view. It is wielding a +0 flail.
An orc wizard comes into view. It is wielding a +0 dagger.
531 |||
Found retreat position at -1,0 (floor) with 0 blocking monsters and 1 monsters attacking at destination at distance 1 x2
531 ||| RETREATING.
The orc wizard moves out of view.
533 |||
Found retreat position at -1,0 (floor) with 0 blocking monsters and 1 monsters attacking at destination at distance 1
533 ||| Stepping ~*~*~tactically~*~*~ (retreating).
You shoot an arrow. The arrow barely misses the orc wizard.
The orc wizard barely misses you.
The orc priest looks encouraged for a moment.
You shoot an arrow.
The arrow hits the orc wizard but does no damage.
The orc wizard hits you but does no damage.
The orc priest invokes the aid of Beogh against you.
Beogh smites you!
Ouch! That really hurt!
536 ||| READING scroll of teleportation.
As you read the scroll of teleportation, it crumbles to dust.
You feel strangely unstable.
The orc wizard hits you but does no damage.
You shoot an arrow. The arrow hits the orc wizard.
The arrow freezes the orc wizard.
The orc wizard is moderately wounded.
The orc wizard points at you and mumbles some strange words.
The magic dart hits you!
You die...

.. .. #+## #o#
#... ..### #..#
.... ##..# ..#
##>..#######o.#
..##.....##..@oo.#
............###.##
#.####..##### .#
#..#######.#
#..........#
#%########## #.#
#####.#######
#............


You could see an orc priest, an orc wizard and an orc.

Vanquished Creatures
  3 bats (D:1)
  5 endoplasms
  2 giant cockroaches (D:1)
  2 goblins (D:1)
  4 hobgoblins
  4 ball pythons (D:1)
  3 frilled lizards
  2 kobolds (D:1)
  4 rats (D:1)
29 creatures vanquished.

Notes
Turn   | Place    | Note
-------+----------+-------------------------------------------
     0 | D:1      | qw the Gargoyle Hunter began the quest for the Orb.
     0 | D:1      | Reached XP level 1. HP: 12/12 MP: 1/1
     0 | D:1      | 0 ||| qw: Version: 0.3-a-76-g4403597
     0 | D:1      | 0 ||| qw: Game counter: 4
     0 | D:1      | 0 ||| qw: Melee chars always use a shield: true
     0 | D:1      | 0 ||| qw: God list: Okawaru
     0 | D:1      | 0 ||| qw: Allow faded altars: false
     0 | D:1      | 0 ||| qw: Do Orc after clearing Dungeon:15 true
     0 | D:1      | 0 ||| qw: Do second Lair branch before Depths: true
     0 | D:1      | 0 ||| qw: Lair rune preference: random
     0 | D:1      | 0 ||| qw: Goals: Normal
     0 | D:1      | 0 ||| PLANNING D:1-11
   124 | D:1      | Reached XP level 2. HP: 17/17 MP: 2/2
   319 | D:1      | Reached XP level 3. HP: 21/21 MP: 3/3
   345 | D:1      | Reached skill level 5 in Ranged Weapons
   424 | D:1      | 424 ||| UPGRADING to +0 ring mail.
   434 | D:1      | 434 ||| DROPPING +0 leather armour.
   435 | D:1      | 435 ||| READING 2 scrolls labelled GIEGUY OBBAT.
   436 | D:1      | 436 ||| READING 2 scrolls labelled ELA INES SISI.
   440 | D:1      | 440 ||| READING scroll labelled QIBIHA VUSIRHO.
   441 | D:1      | 441 ||| READING scroll labelled BIOTZE REOMIU.
   442 | D:1      | 442 ||| DRINKING 2 blue potions.
   443 | D:1      | 443 ||| DROPPING scroll of butterflies.
   444 | D:1      | 444 ||| DROPPING potion of degeneration.
   531 | D:2      | 531 ||| RETREATING.
   533 | D:2      | 533 ||| Stepping ~*~*~tactically~*~*~ (retreating).
   535 | D:2      | HP: 4/21 [orc priest/divine providence (17)]
   536 | D:2      | 536 ||| READING scroll of teleportation.
   537 | D:2      | Killed from afar by an orc wizard

Levels and vault maps discovered:
D:1:      orjb1_clovarrival, layout_rooms
D:2:      layout_loops_corners, dilly_ecumenical_altar_fadedgnrine,
          nicolae_houndstooth_variations, uniq_jessica

Skill      XL: |  1  2  3 |
---------------+----------+-----
Ranged Weapons | 5 |  5.0
Fighting       | |  2.1
Armour         | |  0.4
Dodging        | |  1.5
Stealth        | |  1.1

Action                     || total
---------------------------++-------
   Fire: Shortbow          ||    60
    Use: Scroll            ||     5
         Potion            ||     1
 Armour: Leather armour    ||     2
         Ring mail         ||     4
  Dodge: Dodged            ||    10

Table legend:
 A = Non-vault XP
 B = Vault XP
 C = Vault XP percentage of total XP
 D = Non-vault monster count
 E = Vault monster count
 F = Vault count percentage of total count
                 A         B        C        D         E       F
            +---------+---------+-------+---------+---------+-------
      Total |      44 |       0 |   0.0 |      29 |       0 |   0.0
            +---------+---------+-------+---------+---------+-------
        D:1 |      39 |       0 |   0.0 |      26 |       0 |   0.0
        D:2 |       5 |       0 |   0.0 |       3 |       0 |   0.0
            +---------+---------+-------+---------+---------+-------
